Map: Lost and Found LE

Players

Clem

  • Race: Terran Terran
  • Spawn Location: 7:00

Serral - Winner!

  • Race: Zerg Zerg
  • Spawn Location: 1:00

Event: WCS Austin 2018

VOD

Have the link to the VOD?

Description

Time

  • Played on: June 1, 2018, 10:35 p.m.
  • Length: 12:00

All games in this series

Show
View Real Time Build Order
Export as new Build Order

Clem Terran 

Build Orders: Reaper Expand, Bio Tank, Hellion Banshee 

Get SALT Encoding   

  12  0:00  SCV  
  13  0:13  SCV  
  14  0:16  Supply Depot  
  14  0:25  SCV  
  15  0:38  SCV  
  15  0:40  Barracks  
  16  0:45  Refinery  
  16  0:50  SCV  
  17  1:02  SCV  
  18  1:14  SCV  
  19  1:27  Orbital Command, Reaper  
  20  1:39  Command Center  
  20  1:50  Supply Depot  
  20  1:53  SCV  
  21  1:58  Marine  
  22  2:04  Factory  
  22  2:07  SCV  
  23  2:19  SCV  
  23  2:21  Barracks Reactor  
  24  2:31  SCV  
  25  2:43  SCV, Command Center  
  26  2:52  Orbital Command  
  26  2:55  SCV  
  27  2:58  Starport  
  27  3:02  Hellion  
  29  3:07  Hellion  
  29  3:10  SCV  
  32  3:12  Barracks Tech Lab  
  32  3:17  Refinery  
  32  3:18  SCV  
  33  3:23  Hellion  
  33  3:26  SCV  
  36  3:29  Hellion  
  36  3:31  SCV  
  39  3:38  SCV  
  40  3:43  Banshee  
  40  3:46  SCV  
  40  3:48  Hellion  
  46  3:50  Barracks Tech Lab  
  46  3:55  SCV, Hellion  
  50  3:58  SCV  
  50  3:59  Orbital Command  
  50  4:07  SCV  
  51  4:11  Stimpack  
  51  4:12  Barracks  
  51  4:15  Barracks  
  51  4:16  Marine  
  52  4:18  SCV  
  52  4:23  SCV  
  54  4:26  Supply Depot, SCV  
  54  4:28  Factory Reactor  
  54  4:30  SCV  
  56  4:36  Starport Reactor  
  56  4:38  SCV x2, Marine  
  57  4:40  Supply Depot  
  57  4:44  SCV  
  60  4:46  Engineering Bay  
  60  4:47  Engineering Bay  
  60  4:52  SCV x2  
  62  4:56  Marine  
  62  4:57  Refinery, Supply Depot, SCV  
  64  5:00  Refinery  
  64  5:04  SCV x2  
  66  5:09  SCV  
  66  5:12  Marine x2  
  66  5:14  Marine  
  69  5:15  Marine x2  
  69  5:16  Terran Infantry Weapons Level 1, SCV  
  69  5:17  Terran Infantry Armor Level 1  
  69  5:20  Supply Depot  
  73  5:22  SCV  
  74  5:29  Supply Depot, SCV, Marine  
  74  5:30  Marine  
  74  5:34  SCV  
  78  5:36  Marine x3  
  78  5:40  Medivac  
  78  5:41  SCV, Medivac  
  86  5:47  SCV, Marine x2  
  86  5:48  Supply Depot  
  86  5:49  Orbital Command  
  89  5:53  Marine  
  89  5:54  Siege Tank  
  89  5:55  SCV  
  94  6:02  Supply Depot  
  94  6:03  Marine x2  
  96  6:05  Armory  
  96  6:06  SCV  
  97  6:12  Combat Shield  
  97  6:14  Supply Depot  
  97  6:16  Supply Depot  
  97  6:17  SCV  
  98  6:19  Marine x2  
  98  6:21  Medivac  
  98  6:23  Marine, Medivac  
  105  6:26  SCV x2  
  105  6:28  Marine  
  108  6:34  Marine  
  108  6:36  Marine  
  108  6:37  Siege Tank, SCV  
  108  6:38  Supply Depot  
  114  6:40  Marine  
  114  6:44  Supply Depot  
  115  6:49  Marine  
  115  6:51  SCV, Barracks  
  115  6:52  Barracks  
  117  6:55  Marine  
  117  6:58  SCV x2  
  117  7:00  Medivac  
  112  7:03  SCV  
  112  7:05  Medivac  
  112  7:06  Marine  
  112  7:08  Marine x3  
  102  7:09  Siege Tank  
  102  7:10  SCV  
  102  7:12  SCV  
  108  7:15  Refinery x2  
  108  7:18  Marine  
  109  7:23  SCV x2  
  109  7:24  Marine  
  109  7:25  Marine  
  109  7:26  Marine  
  109  7:27  SCV  
  109  7:28  Marine  
  116  7:35  SCV x2  
  116  7:36  Marine  
  114  7:38  Supply Depot  
  114  7:39  SCV  
  114  7:41  Siege Tank  
  114  7:42  Marine  
  114  7:43  Marine x2  
  122  7:46  Marine  
  122  7:48  Terran Infantry Weapons Level 2  
  122  7:50  Factory  
  124  7:51  Barracks Reactor  
  124  7:52  Barracks Reactor  
  124  7:54  Marine  
  123  8:00  Terran Infantry Armor Level 2, Marine  
  123  8:01  SCV, Marine x2  
  123  8:04  Marine  
  123  8:05  Supply Depot  
  128  8:09  SCV  
  128  8:12  Marine  
  126  8:13  Siege Tank  
  126  8:18  Marine  
  126  8:19  Marine x2, Medivac  
  130  8:22  Marine  
  130  8:23  Command Center  
  130  8:26  Supply Depot, Terran Vehicle Weapons Level 1  
  131  8:28  Marine  
  131  8:29  Supply Depot  
  131  8:30  Marine  
  133  8:37  Marine x2  
  133  8:41  Factory Tech Lab  
  135  8:43  Medivac  
  135  8:45  Siege Tank  
  135  8:47  Supply Depot  
  135  8:48  Supply Depot  
  140  8:50  Marine x2, Barracks  
  140  8:51  Marine x2  
  140  8:54  Barracks  
  140  8:55  Barracks  
  144  8:57  Marine  
  144  9:00  Unknown, Marine x2  
  147  9:05  Siege Tank  
  150  9:13  Marauder, Sensor Tower  
  150  9:15  Marine x2  
  154  9:17  Siege Tank  
  154  9:20  Marine x2  
  154  9:21  Marine x3  
  161  9:26  Supply Depot  
  161  9:27  Marine  
  162  9:33  Marine, Medivac  
  162  9:34  Supply Depot, Marine  
  162  9:37  Siege Tank  
  162  9:38  Medivac  
  171  9:40  Marauder  
  171  9:43  Planetary Fortress  
  171  9:44  Barracks Tech Lab  
  173  9:45  Barracks Tech Lab  
  173  9:47  Concussive Shells  
  173  9:49  Siege Tank  
  176  9:53  Marine  
  176  9:54  Marine x3  
  176  9:57  SCV x2  
  176  9:58  Refinery, SCV  
  176  9:59  Refinery  
  183  10:06  Barracks Tech Lab  
  183  10:09  Siege Tank, SCV x2  
  183  10:13  Marauder x2, Marine x2  
  183  10:14  Marauder, Marine  
  196  10:15  Marine x2  
  196  10:18  Marine  
  200  10:24  Siege Tank  
  196  10:32  Medivac  
  196  10:34  Marine, Command Center  
  197  10:36  Marauder  
  197  10:40  Marine  
  200  10:48  Marine  
  200  10:53  Marauder, Marine  
  189  10:59  SCV  
  189  11:01  SCV x2  
  189  11:04  Marine x2, Command Center  
  182  11:07  Siege Tank  
  182  11:08  Marine  
  182  11:11  SCV  
  180  11:12  Marine x2, Medivac  
  180  11:13  Marauder, SCV x2  
  180  11:15  Marine  
  180  11:17  Marine x2  
  181  11:23  SCV  
  181  11:25  SCV  
  173  11:26  Marauder, Marine x4  
  173  11:28  Marine  
  177  11:37  Marine  
  177  11:38  Marauder  
  182  11:46  SCV  
  166  11:48  SCV  
Show
View Real Time Build Order
Export as new Build Order

Serral Zerg - Winner!

Build Orders: Hatch First 

Get SALT Encoding   

  12  0:00  Drone  
  13  0:12  Overlord  
  13  0:17  Drone  
  14  0:30  Drone  
  14  0:31  Drone  
  16  0:49  Hatchery  
  15  0:52  Drone  
  15  0:55  Drone  
  17  1:10  Spawning Pool  
  16  1:11  Extractor  
  16  1:13  Drone  
  16  1:17  Drone  
  17  1:20  Drone  
  18  1:28  Drone  
  19  1:38  Drone  
  20  1:49  Overlord  
  20  1:56  Queen  
  20  2:00  Queen  
  24  2:01  Zergling x4  
  26  2:10  Drone  
  26  2:11  Drone  
  26  2:13  Metabolic Boost  
  28  2:21  Drone  
  28  2:22  Drone  
  29  2:38  Hatchery  
  29  2:39  Drone  
  29  2:46  Queen  
  29  2:50  Overlord  
  31  2:53  Drone  
  31  2:56  Drone  
  34  2:58  Drone  
  34  3:00  Drone  
  35  3:08  Overlord  
  35  3:10  Drone x2  
  35  3:11  Drone  
  38  3:15  Zergling x2  
  38  3:17  Drone  
  40  3:23  Overlord  
  40  3:27  Drone  
  40  3:31  Drone  
  40  3:32  Evolution Chamber  
  41  3:36  Drone x3  
  44  3:42  Queen  
  44  3:45  Zergling x4  
  48  3:50  Queen  
  48  3:52  Drone  
  48  3:54  Drone x3  
  54  4:00  Zerg Ground Armor Level 1  
  54  4:03  Zergling x4  
  54  4:04  Overlord  
  54  4:06  Drone  
  54  4:08  Drone  
  58  4:10  Drone x2  
  58  4:14  Zergling x2  
  58  4:16  Queen  
  61  4:21  Queen  
  65  4:25  Queen  
  65  4:28  Drone x2  
  69  4:31  Spore Crawler  
  69  4:33  Drone x2  
  69  4:38  Overlord  
  70  4:39  Drone x2  
  70  4:41  Drone  
  70  4:44  Overlord  
  73  4:45  Overlord  
  73  4:48  Overlord  
  73  4:50  Spore Crawler  
  72  4:54  Lair  
  72  4:59  Baneling Nest  
  71  5:01  Zergling x2  
  71  5:02  Zergling x2  
  71  5:03  Drone x2  
  71  5:04  Drone  
  71  5:05  Drone x2  
  78  5:08  Drone x2  
  78  5:10  Drone x2  
  78  5:11  Drone  
  83  5:14  Overlord  
  83  5:18  Overlord  
  83  5:19  Drone x3  
  83  5:21  Extractor  
  85  5:22  Extractor x2, Drone  
  85  5:24  Drone  
  85  5:25  Drone  
  85  5:27  Drone x2  
  88  5:30  Drone x3  
  88  5:31  Extractor  
  90  5:42  Hatchery  
  90  5:48  Drone x2  
  90  5:49  Zergling x8, Evolution Chamber  
  94  5:51  Centrifical Hooks  
  94  5:54  Evolution Chamber  
  93  5:58  Zergling x14  
  93  6:00  Baneling x3  
  100  6:09  Overlord x3  
  100  6:10  Zerg Ground Armor Level 2  
  101  6:13  Zergling x4  
  101  6:14  Zergling x2  
  104  6:22  Zergling x8  
  104  6:25  Zergling x6  
  110  6:29  Zerg Melee Weapons Level 1  
  110  6:34  Hydralisk Den  
  110  6:36  Zergling x6  
  110  6:38  Drone x3  
  115  6:45  Zergling x8  
  119  6:51  Zergling x12  
  124  7:00  Overlord x2  
  115  7:04  Zergling x2  
  115  7:05  Zergling x8  
  115  7:06  Grooved Spines  
  118  7:09  Drone x2  
  118  7:12  Drone, Queen  
  123  7:17  Drone x6  
  129  7:24  Overlord  
  129  7:25  Drone x3  
  125  7:38  Zergling x16  
  125  7:40  Baneling x4  
  125  7:41  Baneling x2  
  125  7:42  Drone  
  125  7:43  Zergling x6  
  128  7:46  Baneling x6  
  128  7:49  Hatchery  
  128  7:51  Zergling x8  
  128  7:56  Baneling x3, Hatchery, Overseer  
  130  7:59  Zergling x12  
  136  8:11  Zergling x12  
  134  8:17  Muscular Augments  
  124  8:20  Baneling x7  
  124  8:22  Zergling x16  
  124  8:25  Zerg Melee Weapons Level 2  
  132  8:28  Zerg Missile Weapons Level 1  
  132  8:29  Infestation Pit  
  131  8:37  Baneling x2  
  131  8:38  Baneling  
  131  8:39  Drone x5  
  131  8:40  Drone  
  131  8:41  Hydralisk x4  
  137  8:47  Hydralisk x6  
  157  8:54  Extractor x2  
  155  8:58  Drone x3  
  155  8:59  Drone x2  
  155  9:01  Baneling x5  
  160  9:03  Queen  
  160  9:04  Overlord  
  160  9:05  Overlord x4  
  160  9:09  Hive  
  162  9:12  Zergling x8  
  165  9:17  Zergling x14  
  171  9:24  Spire  
  171  9:25  Zergling x2  
  171  9:26  Zergling x12  
  177  9:35  Drone x2  
  177  9:36  Drone  
  177  9:37  Spine Crawler  
  177  9:38  Spore Crawler  
  178  9:39  Spore Crawler  
  178  9:40  Hydralisk x2  
  178  9:41  Zergling x4  
  178  9:42  Zergling x10  
  188  9:46  Drone  
  188  9:49  Drone x2  
  191  9:53  Baneling x6  
  191  9:55  Baneling x6  
  191  9:56  Zergling x14  
  198  10:05  Zergling x4  
  200  10:13  Baneling x15  
  199  10:18  Overlord  
  195  10:25  Zergling x26  
  197  10:29  Zergling x6  
  195  10:42  Greater Spire  
  195  10:45  Viper  
  195  10:46  Hatchery  
  197  10:53  Extractor  
  197  10:54  Drone  
  197  10:58  Baneling  
  197  10:59  Baneling x19  
  197  11:03  Zergling x46  
  196  11:08  Zergling x10  
  192  11:14  Zergling x2  
  192  11:15  Zergling x8  
  194  11:19  Zergling x10  
  199  11:26  Baneling x12  
  199  11:29  Zergling x2  
  199  11:33  Baneling x5  
  199  11:38  Zergling x12  
Tags
 
Add a new tag
Caveats
  • Supply blocks, unpowered buildings, or Contaminate may cause inaccurate times.
  • Supply counts are checked every 10 seconds.